Map: [ESL] Babylon

Players

Has - Winner!

  • Race: Protoss Protoss
  • Spawn Location: 11:00

MeomaikA

  • Race: Zerg Zerg
  • Spawn Location: 5:00

Event: ESL SC2 Masters 2023 Summer (Regionals)

VOD

Have the link to the VOD?

Description

Time

  • Played on: May 7, 2023, 7:29 a.m.
  • Length: 9:00
Show
View Real Time Build Order
Export as new Build Order

Has Protoss - Winner!

Build Orders: 1 Gate Expand, Oracle Opening, Zealot Archon 

Get SALT Encoding   

  12  0:00  Probe  
  13  0:12  Probe  
  14  0:19  Pylon  
  14  0:24  Probe  
  14  0:28  Assimilator  
  15  0:37  Probe (Chrono Boost)  
  16  0:43  Gateway  
  16  0:47  Probe (Chrono Boost)  
  17  0:53  Probe  
  18  1:05  Probe  
  19  1:17  Probe  
  20  1:24  Nexus  
  20  1:32  Cybernetics Core  
  20  1:36  Probe  
  21  1:40  Assimilator  
  21  1:48  Probe  
  21  1:50  Pylon  
  22  2:00  Probe (Chrono Boost)  
  23  2:10  Stargate  
  23  2:11  Probe (Chrono Boost)  
  24  2:16  Probe (Chrono Boost)  
  24  2:18  Stalker (Chrono Boost)  
  27  2:27  Probe (Chrono Boost), Warp Gate  
  28  2:36  Probe (Chrono Boost)  
  30  2:44  Probe (Chrono Boost)  
  30  2:45  Probe (Chrono Boost)  
  30  2:50  Probe x2 (Chrono Boost), Zealot  
  34  2:55  Oracle (Chrono Boost)  
  38  3:02  Probe x2  
  40  3:08  Pylon  
  40  3:14  Probe  
  40  3:15  Probe  
  42  3:27  Probe x2  
  48  3:34  Void Ray (Chrono Boost)  
  48  3:39  Nexus  
  48  3:40  Probe  
  49  3:42  Probe  
  49  3:46  Pylon  
  50  3:50  Twilight Council  
  50  3:53  Probe  
  51  4:00  Pylon  
  51  4:02  Forge  
  51  4:04  Probe  
  51  4:07  Probe  
  53  4:16  Probe  
  54  4:22  Charge (Chrono Boost)  
  54  4:29  Protoss Ground Weapons Level 1 (Chrono Boost)  
  54  4:30  Gateway  
  54  4:31  Gateway  
  54  4:34  Gateway  
  54  4:35  Gateway  
  54  4:38  Probe, Gateway  
  55  4:39  Pylon  
  55  4:40  Probe  
  56  4:46  Pylon  
  56  4:51  Probe  
  57  4:53  Assimilator  
  57  4:56  Gateway  
  57  4:57  Gateway  
  54  5:02  Zealot  
  56  5:08  Probe  
  56  5:17  Probe, Robotics Facility  
  56  5:19  Assimilator  
  56  5:20  Probe  
  58  5:25  Nexus  
  58  5:27  Pylon  
  58  5:29  Zealot x3  
  58  5:30  Zealot  
  58  5:34  Zealot x2  
  70  5:42  Pylon  
  70  5:46  Templar Archives  
  72  5:52  Zealot x3  
  72  5:55  Zealot  
  78  5:58  Probe x2  
  78  6:03  Pylon  
  78  6:15  Zealot x4  
  84  6:19  Zealot x2  
  84  6:24  Zealot, Protoss Ground Weapons Level 2 (Chrono Boost)  
  80  6:25  Zealot  
  80  6:31  Probe  
  73  6:34  Probe  
  72  6:42  Zealot  
  72  6:43  Probe (Chrono Boost)  
  72  6:46  Zealot x2  
  79  6:48  Probe (Chrono Boost)  
  79  6:52  Observer  
  79  6:53  Probe (Chrono Boost)  
  83  6:55  Probe (Chrono Boost)  
  83  6:58  Probe (Chrono Boost)  
  83  7:01  Probe x2 (Chrono Boost), Zealot x3  
  86  7:09  Shield Battery  
  86  7:11  Probe  
  86  7:12  Probe  
  86  7:13  Probe  
  88  7:16  High Templar x3  
  88  7:18  High Templar  
  88  7:20  Archon  
  88  7:22  Archon  
  96  7:23  Probe  
  96  7:24  Probe  
  96  7:25  Probe  
  83  7:37  High Templar x2  
  83  7:38  High Templar x2  
  83  7:42  Pylon  
  83  7:43  Probe x3  
  88  7:44  Archon x2  
  88  7:46  Pylon  
  88  7:48  Zealot  
  88  7:49  Zealot  
  88  7:50  Zealot  
  94  7:52  Zealot  
  84  8:10  Zealot x7  
  88  8:21  Assimilator  
  88  8:22  Zealot, Assimilator  
  90  8:32  High Templar  
  90  8:33  High Templar, Zealot x4  
  102  8:37  Archon  
  97  8:54  Zealot x3  
  97  8:55  Zealot x2  
Show
View Real Time Build Order
Export as new Build Order

MeomaikA Zerg 

Build Orders: Pool First 

Get SALT Encoding   

  12  0:00  Drone  
  13  0:12  Overlord  
  13  0:17  Drone  
  14  0:30  Drone x2  
  14  0:34  Drone  
  17  0:44  Spawning Pool  
  17  0:47  Drone  
  17  1:07  Hatchery  
  17  1:11  Drone  
  17  1:13  Extractor  
  17  1:15  Drone  
  17  1:19  Drone  
  18  1:31  Queen  
  21  1:32  Drone  
  21  1:39  Overlord  
  21  1:50  Drone  
  22  2:00  Drone  
  23  2:06  Queen  
  25  2:10  Drone  
  26  2:17  Metabolic Boost  
  26  2:20  Drone  
  26  2:21  Drone  
  28  2:32  Drone  
  29  2:38  Hatchery, Zergling x2  
  29  2:39  Drone  
  29  2:42  Drone  
  31  2:45  Drone  
  31  2:48  Drone  
  31  2:50  Drone  
  34  2:54  Overlord  
  34  2:57  Drone  
  35  3:07  Lair  
  35  3:10  Extractor  
  35  3:11  Zergling x4  
  36  3:14  Drone  
  36  3:15  Drone  
  36  3:16  Drone  
  36  3:18  Drone  
  40  3:22  Spore Crawler  
  40  3:24  Spore Crawler  
  38  3:27  Drone  
  38  3:29  Drone  
  38  3:31  Drone  
  38  3:34  Drone  
  42  3:38  Drone x2  
  42  3:40  Zergling x2  
  44  3:44  Overlord  
  44  3:48  Overlord  
  44  3:53  Overlord  
  44  3:57  Zergling x4  
  44  3:58  Zergling x2  
  44  3:59  Zergling x4  
  44  4:00  Zergling x2  
  44  4:02  Zergling x2  
  50  4:06  Hydralisk Den  
  50  4:07  Drone  
  50  4:08  Drone  
  51  4:17  Zergling x6  
  51  4:18  Drone  
  51  4:19  Drone x2  
  57  4:28  Overlord  
  55  4:43  Overlord  
  54  4:46  Muscular Augments  
  54  4:47  Hydralisk, Overlord  
  54  4:55  Hydralisk x2  
  58  5:02  Extractor, Hydralisk x4  
  58  5:04  Drone  
  58  5:05  Overlord  
  65  5:12  Hydralisk  
  65  5:14  Drone x3, Zergling x4  
  69  5:15  Zergling x2  
  69  5:18  Hydralisk  
  74  5:23  Hydralisk  
  74  5:27  Zergling x4  
  78  5:31  Hydralisk  
  78  5:33  Zergling x6  
  81  5:36  Zergling x2  
  82  5:53  Overlord  
  82  6:01  Overlord  
  81  6:08  Zergling x2  
  81  6:13  Zergling x2  
  81  6:15  Zergling x18  
  81  6:17  Overlord  
  81  6:18  Overlord, Grooved Spines  
  89  6:19  Zergling x2  
  89  6:20  Zergling x2  
  89  6:23  Zergling x2  
  69  6:36  Hydralisk  
  69  6:37  Hydralisk x4  
  69  6:38  Hydralisk  
  72  6:42  Hydralisk  
  72  6:43  Hydralisk, Baneling Nest  
  72  6:46  Hydralisk  
  75  6:47  Zergling x4  
  75  6:52  Queen  
  75  6:53  Zergling x4  
  75  6:54  Zergling x2  
  84  7:02  Zergling x2  
  84  7:03  Zergling x2  
  84  7:07  Hydralisk  
  86  7:09  Zergling x4  
  86  7:10  Zergling x2  
  86  7:14  Zergling x6  
  86  7:15  Zergling x2  
  93  7:16  Zergling x4  
  95  7:24  Hydralisk  
  95  7:25  Hydralisk  
  95  7:28  Hydralisk  
  99  7:34  Hydralisk  
  99  7:36  Hydralisk  
  97  7:37  Hydralisk  
  97  7:38  Zergling x4  
  97  7:39  Zergling x2  
  101  7:46  Baneling x5  
  101  7:47  Zergling x6  
  101  7:49  Zergling x2  
  105  7:51  Zergling x2  
  105  7:52  Zergling x2  
  105  7:57  Zergling x2  
  73  8:14  Hydralisk x4  
  73  8:16  Zergling x12  
  73  8:18  Zergling x2  
  89  8:20  Zergling x2  
  89  8:25  Zergling x2  
  90  8:28  Baneling x6, Zergling x2  
  90  8:30  Zergling x2  
  92  8:36  Zergling x2  
  92  8:39  Zergling x4  
  95  8:42  Baneling x4  
Tags
 
Add a new tag
Caveats
  • Supply blocks, unpowered buildings, or Contaminate may cause inaccurate times.
  • Supply counts are checked every 10 seconds.